[Event "Titled Tuesday Blitz December 7 2021"]
[White "Nguyen Hong Nhung"]
[Black "Bentivegna, Francesco"]
[WhiteFideId "12412201"]
[BlackFideId "809055"]
[WhiteElo "1661"]
[BlackElo "2254"]
[Result "1-0"]
[Round "11"]
[TimeControl "180+1"]
[Date "2021.12.07"]
[WhiteClock "0:00:27"]
[BlackClock "0:00:03"]

1. e4 e5 2. Nf3 Nc6 3. d4 exd4 4. Nxd4 Bb4+ 5. c3 Bc5 6. Be3 Bb6 7. Bc4 Nf6 8. Nd2 O-O 9. O-O Re8 10. Nxc6 bxc6 11. Bg5 h6 12. Bh4 g5 13. Bg3 Nxe4 14. Nxe4 Rxe4 15. Bxf7+ Kg7 16. Bb3 d5 17. Re1 Bf5 18. Rxe4 Bxe4 19. Qg4 Qf6 20. Qd7+ Qf7 21. Qxc6 Rf8 22. Rf1 h5 23. Be5+ Kh7 24. Bd4 Bxd4 25. cxd4 Bxg2 26. Bc2+ Kg8 27. Bg6 Qf6 28. Qxf6 Rxf6 29. Kxg2 Rxg6 30. Rc1 c6 31. Rc5 Re6 32. Ra5 Re7 33. Ra6 Rc7 34. h4 Kf7 35. hxg5 Kg6 36. f4 Kf5 37. Kf3 h4 38. Ra3 Rh7 39. Re3 h3 40. Re5+ Kg6 41. Re6+ Kh5 42. Rh6+ Rxh6 43. gxh6 Kxh6 44. Kg3 Kg6 45. Kxh3 Kf5 46. Kg3 Ke4 47. Kg4 Kxd4 48. f5 Ke5 49. Kg5 d4 50. f6 Ke6 51. Kg6 d3 52. f7 d2 53. f8=Q d1=Q 54. Qe8+ Kd5 55. Qd8+ Kc4 56. Qxd1 Kb5 57. Qb3+ Ka6 58. Qc4+ Kb6 59. Kf6 c5 60. Ke6 a5 61. Kd6 a4 62. Qxc5+ Ka6 63. Kc7 a3 64. Qb6# 1-0


[Site "https://www.chess.com"]

[Event "Titled Tuesday Blitz December 7 2021"]
[White "Orlov, Georgi"]
[Black "Maksimovic, Bojan"]
[WhiteFideId "2011271"]
[BlackFideId "14408120"]
[WhiteElo "2477"]
[BlackElo "2458"]
[Result "0-1"]
[Round "11"]
[TimeControl "180+1"]
[Date "2021.12.07"]
[WhiteClock "0:00:02"]
[BlackClock "0:00:31"]

1. d4 Nf6 2. Nf3 e6 3. c4 b6 4. g3 Bb7 5. Bg2 Be7 6. O-O O-O 7. d5 exd5 8. Nh4 Re8 9. cxd5 Bf8 10. Nf5 Na6 11. Nc3 d6 12. e4 Nc5 13. Re1 Bc8 14. Nd4 Bd7 15. b4 Nb7 16. Nc6 Qc8 17. Bg5 Ng4 18. Rc1 Ne5 19. Nb5 Nd8 20. Nbd4 Bxc6 21. Bxd8 Bxd5 22. Bxc7 Bc4 23. f4 Qxc7 24. fxe5 dxe5 25. Nf5 b5 26. Qg4 Re6 27. Bf1 Rg6 28. Qf3 Bxb4 29. Red1 Re8 30. a4 a6 31. axb5 axb5 32. Ne3 Rf6 33. Nf5 Qb6+ 34. Kh1 Be6 35. Rb1 Bf8 36. Rxb5 Qc6 37. Ra5 Rxf5 38. Ra6 Rf4 39. gxf4 Qc8 40. f5 Bc4 41. Raa1 Bxf1 42. Rxf1 Be7 43. Rg1 Bf6 44. Qg3 h6 45. Ra2 Kh7 46. Rag2 Qc6 47. Qf3 Rc8 48. Rg4 Qc2 49. Qh3 Rc3 50. R4g3 Qxe4+ 51. R1g2 Rc1# 0-1


[Site "https://www.chess.com"]

[Event "Titled Tuesday Blitz December 7 2021"]
[White "Padmini, Rout"]
[Black "Bayasgalan, Khishigbaatar"]
[WhiteFideId "5029295"]
[BlackFideId "4904311"]
[WhiteElo "2276"]
[BlackElo "1624"]
[Result "1-0"]
[Round "11"]
[TimeControl "180+1"]
[Date "2021.12.07"]
[WhiteClock "0:01:00"]
[BlackClock "0:00:29"]

1. Nf3 d5 2. g3 c5 3. Bg2 Nc6 4. d4 e6 5. O-O Nf6 6. c4 cxd4 7. cxd5 Qxd5 8. Nxd4 Qc5 9. Nxc6 bxc6 10. Be3 Qb5 11. Nc3 Qb7 12. Qa4 Bd7 13. Rac1 Nd5 14. Bd4 c5 15. Qc4 cxd4 16. Nxd5 exd5 17. Bxd5 Qb8 18. Qxd4 Be6 19. Bc6+ Ke7 20. Qe4 h5 21. Bxa8 h4 22. Rfd1 hxg3 23. hxg3 Qxb2 24. Rc7+ Kf6 25. Qf4+ Kg6 26. Be4+ f5 27. Rc6 fxe4 28. Qxe4+ Kf7 29. Qxe6# 1-0


[Site "https://www.chess.com"]

[Event "Titled Tuesday Blitz December 7 2021"]
[White "Papasimakopoulos, Alexandros"]
[Black "Santos Flores, Alberto"]
[WhiteFideId "4244125"]
[BlackFideId "3601234"]
[WhiteElo "2394"]
[BlackElo "2293"]
[Result "1-0"]
[Round "11"]
[TimeControl "180+1"]
[Date "2021.12.07"]
[WhiteClock "0:01:40"]
[BlackClock "0:00:32"]

1. d4 d6 2. Nf3 g6 3. e4 Bg7 4. c4 c5 5. Nc3 cxd4 6. Nxd4 Nf6 7. Be3 Nc6 8. f3 Nxd4 9. Bxd4 O-O 10. Be2 Be6 11. O-O Qa5 12. Qd2 Rfc8 13. b3 a6 14. Rfd1 Rab8 15. Nd5 Qxd2 16. Rxd2 Nxd5 17. exd5 Bxd4+ 18. Rxd4 Bd7 19. a4 Kf8 20. a5 Rc5 21. b4 Rc7 22. Kf2 e5 23. dxe6 Bxe6 24. Rxd6 Bxc4 25. Rc1 Rbc8 26. Bxc4 Rxc4 27. Rxc4 Rxc4 28. Rb6 Rc7 29. g4 Ke7 30. Ke3 Kd7 31. Kf4 h6 32. Ke5 Ke7 33. h4 Rd7 34. f4 Rc7 35. h5 gxh5 36. gxh5 Kf8 37. Rxh6 Kg7 38. Rb6 Rd7 39. f5 Rc7 40. Kd6 Rc1 41. Kd7 Rf1 42. h6+ Kh7 43. Rf6 Rb1 44. Rb6 Rf1 45. Kc7 Rxf5 46. Kxb7 Rf1 47. Rxa6 f5 48. Rf6 Rb1 49. Rxf5 Rxb4+ 50. Kc6 Kxh6 51. a6 Ra4 52. Kb6 Rb4+ 53. Rb5 Rg4 54. a7 Rg8 55. Ka6 Rg6+ 56. Rb6 1-0


[Site "https://www.chess.com"]

[Event "Titled Tuesday Blitz December 7 2021"]
[White "Paravyan, David"]
[Black "Ivanchuk, Vasyl"]
[WhiteFideId "4194985"]
[BlackFideId "14100010"]
[WhiteElo "2656"]
[BlackElo "2710"]
[Result "1-0"]
[Round "11"]
[TimeControl "180+1"]
[Date "2021.12.07"]
[WhiteClock "0:00:10"]
[BlackClock "0:00:31"]

1. e4 e5 2. Nf3 Nc6 3. Nc3 Nf6 4. d4 exd4 5. Nxd4 Bb4 6. Nxc6 bxc6 7. Bd3 O-O 8. O-O Re8 9. Bg5 h6 10. Bh4 g5 11. Bg3 Bxc3 12. bxc3 Nxe4 13. Qh5 d5 14. f4 Bf5 15. fxg5 Bg6 16. Qxh6 Re6 17. Bxe4 dxe4 18. Rf6 Qe7 19. Qh4 e3 20. Re1 Re8 21. Qf4 e2 22. Bf2 Re4 23. Qf3 Qd7 24. h4 Qg4 25. Rxc6 Qxf3 26. gxf3 Ra4 27. Bd4 Rxa2 28. h5 Bf5 29. Rh6 Bh7 30. g6 fxg6 31. hxg6 Re7 32. Rxh7 Rxh7 33. gxh7+ Kxh7 34. Rxe2 1-0


[Site "https://www.chess.com"]

[Event "Titled Tuesday Blitz December 7 2021"]
[White "Romero Ruscalleda, Josep"]
[Black "Marcziter, Dmitrii"]
[WhiteFideId "2231859"]
[BlackFideId "13900765"]
[WhiteElo "2318"]
[BlackElo "2155"]
[Result "0-1"]
[Round "11"]
[TimeControl "180+1"]
[Date "2021.12.07"]
[WhiteClock "0:01:05"]
[BlackClock "0:00:53"]

1. e4 c5 2. c3 d5 3. exd5 Qxd5 4. d4 Nf6 5. Nf3 Bg4 6. dxc5 Qxc5 7. Be3 Qc8 8. h3 Bh5 9. Na3 a6 10. Qa4+ Nbd7 11. g4 Bg6 12. O-O-O e6 13. Nh4 Be4 14. f3 Bc6 15. Qf4 Bxa3 16. bxa3 O-O 17. Bd3 Nd5 18. Qe4 N7f6 19. Qd4 Nxe3 20. Qxe3 Ba4 21. Bc2 Bxc2 22. Kxc2 Nd5 23. Rxd5 exd5 24. Nf5 Qe6 25. Qg5 g6 26. Nd4 Qc8 27. h4 Qc4 28. Kb2 Rac8 29. Rc1 Rfe8 30. h5 Re2+ 31. Nxe2 Qxe2+ 32. Rc2 Qb5+ 33. Kc1 Re8 34. Qh4 Qf1+ 35. Kb2 Re6 36. Qd8+ Kg7 37. h6+ Kxh6 38. Rh2+ Kg7 39. a4 Re1 40. Qxd5 Rb1+ 41. Ka3 Qc1+ 0-1


[Site "https://www.chess.com"]

[Event "Titled Tuesday Blitz December 7 2021"]
[White "Rosenberg, Evan S"]
[Black "Obolentseva, Alexandra"]
[WhiteFideId "2019299"]
[BlackFideId "24153648"]
[WhiteElo "2362"]
[BlackElo "2113"]
[Result "0-1"]
[Round "11"]
[TimeControl "180+1"]
[Date "2021.12.07"]
[WhiteClock "0:00:02"]
[BlackClock "0:00:12"]

1. Nf3 Nf6 2. c4 g6 3. Nc3 Bg7 4. e4 O-O 5. d4 d6 6. h3 e5 7. dxe5 dxe5 8. Qxd8 Rxd8 9. Bg5 Re8 10. Nd5 Nxd5 11. cxd5 c6 12. Bc4 cxd5 13. Bxd5 Nd7 14. Nd2 Nb6 15. Bb3 Be6 16. O-O-O Rac8+ 17. Kb1 Nc4 18. Nxc4 Bxc4 19. Bxc4 Rxc4 20. f3 f5 21. b3 Rc7 22. Rc1 Rec8 23. Rhd1 Rxc1+ 24. Bxc1 Rc7 25. Rd8+ Kf7 26. Ba3 fxe4 27. fxe4 Kf6 28. h4 g5 29. Rd6+ Kf7 30. hxg5 b5 31. Rd8 a5 32. Bd6 Rb7 33. a3 a4 34. b4 h6 35. gxh6 Bxh6 36. Bxe5 Rb6 37. Rd5 Rg6 38. Rd6 Rxd6 39. Bxd6 Ke6 40. e5 Bf4 41. Kc2 Kd5 42. Kd3 Bc1 43. g4 Bxa3 44. g5 Bc1 45. g6 Bh6 46. Kc3 Ke6 47. Kb2 Kf5 48. Kc3 Kxg6 49. e6 Kf6 50. e7 Kf7 51. Kd4 a3 52. Kc5 Bg7 53. Kc6 Ke8 54. Kxb5 a2 55. Kc6 a1=Q 56. b5 Qc3+ 57. Bc5 Bd4 58. Kb7 Qxc5 59. b6 Qxb6+ 60. Kc8 Qc5+ 61. Kb7 Kxe7 62. Ka8 Qa7# 0-1


[Site "https://www.chess.com"]

[Event "Titled Tuesday Blitz December 7 2021"]
[White "Sadykov, Ramil"]
[Black "Martin, Lewis"]
[WhiteFideId "24113590"]
[BlackFideId "410551"]
[WhiteElo "2300"]
[BlackElo "2145"]
[Result "1-0"]
[Round "11"]
[TimeControl "180+1"]
[Date "2021.12.07"]
[WhiteClock "0:00:08"]
[BlackClock "0:00:06"]

1. e4 c5 2. Nc3 Nc6 3. g3 g6 4. Bg2 Bg7 5. d3 e6 6. Be3 Nd4 7. Qd2 Ne7 8. Nd1 d6 9. c3 Ndc6 10. Bh6 O-O 11. h4 Bxh6 12. Qxh6 Kh8 13. h5 Ng8 14. Qd2 g5 15. Ne3 h6 16. O-O-O Rb8 17. f4 f6 18. Ne2 Bd7 19. d4 cxd4 20. Nxd4 Nxd4 21. Qxd4 Bc6 22. Qxd6 Qxd6 23. Rxd6 Rfe8 24. Rhd1 Kg7 25. f5 Kf7 26. Bf1 exf5 27. Bc4+ Kg7 28. Nxf5+ Kh7 29. Bxg8+ Kxg8 30. Rxf6 Rxe4 31. Rg6+ Kh8 32. Rxh6+ Kg8 33. Rg6+ Kh8 34. Nd6 Re7 35. Rf1 Bd5 36. b3 Rg8 37. Rh6+ Rh7 38. Rxh7+ Kxh7 39. c4 Bg2 40. Rf6 b6 41. Nf5 Re8 42. Rh6+ Kg8 43. Rg6+ Kh7 44. Rg7+ Kh8 45. Rxg5 Re2 46. Nd4 Rxa2 47. g4 Be4 48. Re5 Bd3 49. Re3 Bh7 50. g5 Rh2 51. g6 Bg8 52. Re5 Kg7 53. Rf5 a5 54. Nb5 Be6 55. Re5 Bg4 56. Nd6 Bxh5 57. Re7+ Kxg6 58. Rb7 Kg5 59. Rxb6 Kf4 60. Nb5 Ke3 61. Rd6 Bf3 62. Nc3 Bg4 63. Nd5+ Kd4 64. Nf6+ Kc5 65. Rd5+ Kb4 66. Nxg4 Rg2 67. Ne3 Re2 68. Nc2+ Kc3 69. Ne1 Rxe1+ 70. Rd1 Re5 71. Rf1 Kxb3 72. Rf4 Rc5 73. Kd2 Rxc4 74. Rf3+ Rc3 75. Rxc3+ Kb2 76. Rc2+ Kb3 77. Kc1 a4 78. Kb1 a3 79. Ra2 Kb4 80. Ka1 Kb3 81. Rh2 Kb4 82. Rh3 Ka4 83. Ka2 Kb4 84. Rh4+ 1-0


[Site "https://www.chess.com"]

[Event "Titled Tuesday Blitz December 7 2021"]
[White "Samadov, Read"]
[Black "Pranav, V"]
[WhiteFideId "13417444"]
[BlackFideId "25060783"]
[WhiteElo "2084"]
[BlackElo "2351"]
[Result "0-1"]
[Round "11"]
[TimeControl "180+1"]
[Date "2021.12.07"]
[WhiteClock "0:00:01"]
[BlackClock "0:00:10"]

1. d4 Nf6 2. c4 e6 3. Nf3 b6 4. a3 Ba6 5. Qc2 c5 6. d5 exd5 7. cxd5 d6 8. Nc3 Nbd7 9. Bg5 Be7 10. e4 Bxf1 11. Kxf1 O-O 12. g3 h6 13. Bf4 Nh5 14. Be3 Re8 15. Kg2 Bf6 16. Rhe1 a6 17. a4 Bxc3 18. bxc3 Nhf6 19. Bf4 Nf8 20. c4 Ng6 21. Bd2 Nd7 22. Bc3 Rb8 23. Rab1 Ndf8 24. h4 Qd7 25. Nh2 Ne5 26. Bxe5 Rxe5 27. Nf3 Ree8 28. e5 Qg4 29. Nh2 Qd7 30. Nf3 Re7 31. exd6 Rxe1 32. Rxe1 Qxd6 33. Qf5 b5 34. axb5 axb5 35. Ne5 Rb7 36. Rb1 b4 37. Nd3 Re7 38. Ra1 b3 39. Rb1 Rb7 40. Qe5 Qb6 41. d6 Ne6 42. Qd5 Rd7 43. Qa8+ Nf8 44. Rxb3 Qxd6 45. Nf4 Rd8 46. Qf3 Qa6 47. Rc3 Rd4 48. Qe2 Qb7+ 49. Qf3 Qb1 50. Nd5 Ng6 51. Kh2 Ne5 52. Qe2 Ng4+ 53. Kg2 Re4 0-1


[Site "https://www.chess.com"]

[Event "Titled Tuesday Blitz December 7 2021"]
[White "Sanchez, Robert"]
[Black "Sokolin, Leonid"]
[WhiteFideId "2034360"]
[BlackFideId "2009161"]
[WhiteElo "2361"]
[BlackElo "2394"]
[Result "0-1"]
[Round "11"]
[TimeControl "180+1"]
[Date "2021.12.07"]
[WhiteClock "0:00:22"]
[BlackClock "0:00:05"]

1. Nf3 Nf6 2. e3 c5 3. c4 g6 4. b3 Bg7 5. Bb2 O-O 6. Be2 Nc6 7. O-O d5 8. cxd5 Qxd5 9. Nc3 Qd6 10. Rc1 b6 11. d4 cxd4 12. Nb5 Qd7 13. Nbxd4 Nxd4 14. Qxd4 Qe6 15. Bc4 Qf5 16. Qh4 Bb7 17. Be2 Rac8 18. Nd4 Qe4 19. Qxe4 Bxe4 20. Ba6 Rxc1 21. Rxc1 e5 22. Nb5 Bd3 23. Bxe5 Ne4 24. Bxg7 Kxg7 25. f3 Nc5 26. Rc3 Rd8 27. Nxa7 Bxa6 28. b4 Rd1+ 29. Kf2 Nd3+ 30. Kg3 Nxb4 31. a3 Nd5 32. Rb3 Bc4 33. Rb2 Nxe3 34. Nc8 b5 0-1


[Site "https://www.chess.com"]

[Event "Titled Tuesday Blitz December 7 2021"]
[White "Saraci, Nderim"]
[Black "Arencibia Monduy, Antonio"]
[WhiteFideId "6351921"]
[BlackFideId "3507939"]
[WhiteElo "2479"]
[BlackElo "2635"]
[Result "0-1"]
[Round "11"]
[TimeControl "180+1"]
[Date "2021.12.07"]
[WhiteClock "0:00:01"]
[BlackClock "0:00:15"]

1. Nf3 Nf6 2. g3 d5 3. Bg2 Nc6 4. d4 Bf5 5. O-O e6 6. c4 Be7 7. Nc3 O-O 8. b3 Ne4 9. Bb2 Nxc3 10. Bxc3 a5 11. Qd2 a4 12. cxd5 exd5 13. b4 a3 14. Rfd1 Na7 15. Qf4 Be6 16. h4 Nb5 17. Be1 Qd6 18. Qe3 Rfe8 19. Qd3 c6 20. Bd2 g6 21. Rac1 Bf5 22. Qb3 Bf8 23. Re1 h6 24. e3 Qf6 25. Ne5 Rad8 26. Bf1 Nd6 27. Qxa3 Ne4 28. Qb2 Bd6 29. Bc3 Bc8 30. Bg2 Qf5 31. b5 c5 32. Nd3 c4 33. Nc5 Nxg3 34. fxg3 Bxg3 35. Rf1 Qg4 36. Rf3 Qxh4 37. Bh1 Bg4 38. Qg2 Bxf3 39. Qxf3 Rd6 40. Bg2 Rf6 41. Nd7 Qh2+ 0-1


[Site "https://www.chess.com"]

[Event "Titled Tuesday Blitz December 7 2021"]
[White "Shahade, Gregory"]
[Black "Odegov, Artem"]
[WhiteFideId "2009064"]
[BlackFideId "34183644"]
[WhiteElo "2665"]
[BlackElo "2274"]
[Result "1-0"]
[Round "11"]
[TimeControl "180+1"]
[Date "2021.12.07"]
[WhiteClock "0:01:43"]
[BlackClock "0:00:55"]

1. e4 e6 2. d4 d5 3. Nd2 Nf6 4. e5 Nfd7 5. c3 c5 6. Bd3 Nc6 7. Ne2 cxd4 8. cxd4 f6 9. exf6 Nxf6 10. O-O Bd6 11. Nf3 Qc7 12. h3 O-O 13. Be3 Bd7 14. Re1 Rae8 15. Nc3 a6 16. Rc1 Qd8 17. Na4 e5 18. dxe5 Nxe5 19. Nxe5 Bxe5 20. Nc5 Bc6 21. Qd2 d4 22. Bg5 Qd5 23. Bc4 Kh8 24. Bxd5 Bxd5 25. Bxf6 Bxf6 26. Nd7 Re2 1-0


[Site "https://www.chess.com"]

[Event "Titled Tuesday Blitz December 7 2021"]
[White "Shipov, Sergei"]
[Black "Dmitrenko, Viktor"]
[WhiteFideId "4113624"]
[BlackFideId "14110270"]
[WhiteElo "2756"]
[BlackElo "2262"]
[Result "0-1"]
[Round "11"]
[TimeControl "180+1"]
[Date "2021.12.07"]
[WhiteClock "0:02:12"]
[BlackClock "0:00:12"]

1. d4 e6 2. c4 Nf6 3. Nc3 Bb4 4. Qc2 d5 5. a3 Be7 6. cxd5 exd5 7. Bg5 c6 8. e3 Nbd7 9. Bd3 Nf8 10. Nf3 Ne6 11. Bh4 g6 12. O-O Ng7 13. b4 a6 14. Na4 Nf5 15. Bg5 Nd6 16. Nc5 O-O 17. Ne5 Ng4 18. Bxe7 Qxe7 19. Nxg4 Bxg4 20. h3 Bf5 21. Bxf5 Nxf5 22. a4 Nd6 23. Rfe1 Rfe8 24. Rab1 Kg7 25. Qd3 Qg5 26. Re2 Re7 27. Rbe1 Rae8 28. Qc3 h5 29. Qc2 h4 30. Qb2 Kg8 31. Qb3 Kg7 32. Nd3 Nf5 33. Qb2 f6 34. b5 axb5 35. axb5 cxb5 36. Nb4 Nd6 37. Nd3 Rc7 38. Qb4 Rc6 39. Ra2 Nf5 40. Qxb5 Nd6 41. Qb3 Qf5 42. Nf4 Qxf4 43. exf4 Rxe1+ 44. Kh2 Rcc1 45. g4 Rh1+ 46. Kg2 Rcg1+ 0-1


[Site "https://www.chess.com"]

[Event "Titled Tuesday Blitz December 7 2021"]
[White "Shkapenko, Pavel"]
[Black "Druska, Juraj"]
[WhiteFideId "4151933"]
[BlackFideId "14915650"]
[WhiteElo "2386"]
[BlackElo "2369"]
[Result "1-0"]
[Round "11"]
[TimeControl "180+1"]
[Date "2021.12.07"]
[WhiteClock "0:00:09"]
[BlackClock "0:00:15"]

1. e4 d5 2. exd5 Qxd5 3. Nf3 Bg4 4. Be2 Nf6 5. d4 e6 6. O-O Be7 7. c4 Qd8 8. Qb3 Qc8 9. h3 Bh5 10. g4 Bg6 11. Ne5 Nbd7 12. f4 O-O 13. Nc3 c5 14. Bf3 cxd4 15. Bxb7 Nc5 16. Bxc8 Nxb3 17. axb3 dxc3 18. Ba6 Rab8 19. Bb5 cxb2 20. Bxb2 Bc2 21. Nc6 Bc5+ 22. Bd4 Bxd4+ 23. Nxd4 Be4 24. Rfe1 Rfd8 25. Rxe4 Nxe4 26. Nc6 Nd2 27. Nxb8 Rxb8 28. b4 Nxc4 29. Bxc4 Rxb4 30. Rxa7 g6 31. Rc7 Ra4 32. Kf2 Ra3 33. Bf1 Kg7 34. g5 Ra8 35. h4 Ra3 36. Rd7 Ra2+ 37. Be2 Ra3 38. Bf3 Ra2+ 39. Kg3 Ra3 40. Rc7 Ra1 41. h5 gxh5 42. Bxh5 Ra3+ 43. Kf2 Ra2+ 44. Ke3 Ra3+ 45. Kd2 Ra2+ 46. Kc3 Ra3+ 47. Kb4 Rh3 48. Bxf7 Rh4 49. Bxe6+ Kf8 50. Rf7+ Ke8 51. Rf6 Ke7 52. Bc4 Rh1 53. Kc5 h6 54. Rxh6 Rc1 55. Rh7+ Kf8 1-0


[Site "https://www.chess.com"]

[Event "Titled Tuesday Blitz December 7 2021"]
[White "Shpanko, Nadiia"]
[Black "Barria Zuniga, Daniel"]
[WhiteFideId "14132400"]
[BlackFideId "3400816"]
[WhiteElo "2139"]
[BlackElo "2414"]
[Result "0-1"]
[Round "11"]
[TimeControl "180+1"]
[Date "2021.12.07"]
[WhiteClock "0:00:11"]
[BlackClock "0:00:29"]

1. Nf3 Nc6 2. d3 d5 3. g3 e5 4. Bg2 Be7 5. O-O g5 6. c4 g4 7. Nfd2 d4 8. f3 h5 9. fxg4 hxg4 10. Ne4 f5 11. Nf2 Bg5 12. b4 Be3 13. b5 Nce7 14. Bxe3 dxe3 15. Nxg4 fxg4 16. Nc3 Nf5 17. Qc1 Nge7 18. Nd1 Qd4 19. Be4 a6 20. bxa6 Rxa6 21. Kg2 Rah6 22. Rh1 Rh3 23. Kg1 Bd7 24. Bg2 Nxg3 25. hxg3 Rxh1+ 26. Bxh1 Nf5 27. Qc3 Nxg3 28. Qxd4 exd4 29. Bxb7 Nxe2+ 30. Kg2 Nf4+ 31. Kg3 Nxd3 32. Nxe3 dxe3 33. Rd1 e2 34. Rg1 e1=Q+ 35. Rxe1+ Nxe1 36. Bd5 Nd3 37. a3 Nc5 38. Kf4 Ke7 39. a4 Bxa4 40. Kg3 Bd7 41. Kf4 Kd6 42. Kg3 Rb8 43. Kf4 Rb4 44. Bg2 Ba4 45. Kg5 Bb3 46. Kg6 Bxc4 47. Be4 Nxe4 48. Kh7 Bf1 49. Kh6 Rb1 50. Kg7 g3 51. Kg6 g2 52. Kf7 Nc5 53. Ke8 Na6 54. Kd8 Rb8# 0-1


[Site "https://www.chess.com"]

[Event "Titled Tuesday Blitz December 7 2021"]
[White "Shvedova, Alexandra"]
[Black "Shubenkova, Veronika"]
[WhiteFideId "54154782"]
[BlackFideId "44124040"]
[WhiteElo "1920"]
[BlackElo "1938"]
[Result "0-1"]
[Round "11"]
[TimeControl "180+1"]
[Date "2021.12.07"]
[WhiteClock "0:00:05"]
[BlackClock "0:00:27"]

1. e4 c6 2. d4 d5 3. e5 Bf5 4. h4 h6 5. g4 Bd7 6. h5 e6 7. c3 c5 8. f4 Be7 9. Nf3 Nc6 10. Be3 Qb6 11. Rh2 O-O-O 12. Rc2 Kb8 13. Nbd2 cxd4 14. cxd4 f6 15. Nb3 Bb4+ 16. Kf2 Be7 17. Nc5 Bc8 18. a3 fxe5 19. fxe5 Rf8 20. b4 Bxc5 21. Rxc5 Nge7 22. Rac1 Rf7 23. b5 Na5 24. Bd2 Nc4 25. Bxc4 dxc4 26. R1xc4 Rhf8 27. Rc3 Nd5 28. Rb3 Bd7 29. a4 Qd8 30. Kg2 Nf4+ 31. Bxf4 Rxf4 32. Kg3 b6 33. Rcc3 Bc8 34. Nh4 Qg5 35. Ng6 Rf1 36. Rxc8+ Kxc8 37. Qc2+ Kb8 38. Qg2 R8f2 39. Qxf2 Rxf2 40. Kxf2 Qd2+ 41. Kf3 Qxd4 42. Re3 Qxa4 43. Ne7 Qxb5 44. Kf4 a5 45. Re4 a4 46. g5 a3 47. gxh6 gxh6 48. Ng8 Qf1+ 49. Ke3 Qg1+ 50. Kd3 Qxg8 51. Kd4 a2 52. Kc4 a1=Q 53. Rd4 Qa4+ 54. Kd3 Qg3+ 55. Ke4 Qc2+ 0-1


[Site "https://www.chess.com"]

[Event "Titled Tuesday Blitz December 7 2021"]
[White "Shyaamnikhil P"]
[Black "Obolenskikh, Dmitry"]
[WhiteFideId "5024218"]
[BlackFideId "4156013"]
[WhiteElo "2300"]
[BlackElo "2512"]
[Result "1-0"]
[Round "11"]
[TimeControl "180+1"]
[Date "2021.12.07"]
[WhiteClock "0:00:21"]
[BlackClock "0:00:14"]

1. e3 d5 2. c4 c6 3. Nf3 Nf6 4. b3 Bg4 5. Bb2 Nbd7 6. h3 Bh5 7. Be2 e6 8. O-O Bd6 9. d3 Bxf3 10. Bxf3 Be5 11. d4 Bd6 12. Nd2 Qe7 13. a3 O-O 14. e4 dxe4 15. Nxe4 Nxe4 16. Bxe4 Nf6 17. Bc2 Rfd8 18. Qf3 a5 19. Rfe1 Rac8 20. a4 Bb4 21. Re5 Nd7 22. Re2 Qf6 23. Qg3 Qh6 24. Rd1 Nf8 25. Re5 Bd6 26. Rde1 Bxe5 27. Qxe5 Ng6 28. Qxa5 e5 29. Bc1 Qh4 30. dxe5 Re8 31. Bf5 Ra8 32. Qc5 Qe7 33. Qxe7 Nxe7 34. Bd7 Red8 35. e6 Kf8 36. Bg5 h6 37. Bh4 g5 38. Bg3 Kg7 39. Be5+ Kg6 40. Bc7 Rf8 41. Bd6 Kf6 42. exf7 Rxf7 43. Re6+ Kg7 44. Rxe7 Rxe7 45. Bxe7 Kf7 46. Bc5 Rd8 47. Bg4 Rd3 48. b4 Rc3 49. a5 Rxc4 50. Bc8 Rc1+ 51. Kh2 h5 52. Bxb7 Kf6 53. a6 Ra1 54. a7 Kf5 55. a8=Q 1-0


[Site "https://www.chess.com"]

[Event "Titled Tuesday Blitz December 7 2021"]
[White "Stoyanov, Tsvetan"]
[Black "Nilsen, Tobias Lang"]
[WhiteFideId "2917173"]
[BlackFideId "1521624"]
[WhiteElo "2191"]
[BlackElo "1979"]
[Result "0-1"]
[Round "11"]
[TimeControl "180+1"]
[Date "2021.12.07"]
[WhiteClock "0:00:03"]
[BlackClock "0:00:28"]

1. g3 d5 2. Bg2 e5 3. c4 d4 4. d3 Bb4+ 5. Bd2 a5 6. Nf3 Nc6 7. O-O Nf6 8. a3 Be7 9. e3 h6 10. exd4 exd4 11. Bf4 O-O 12. Ne5 Nxe5 13. Bxe5 Bf5 14. Qf3 Bg6 15. Nd2 c6 16. Nb3 a4 17. Nxd4 Bc5 18. Nf5 Re8 19. Nxh6+ Kh7 20. Bxf6 Qxf6 21. Qxf6 gxf6 22. Ng4 Kg7 23. Rfe1 Bxd3 24. Bf1 Bxf1 25. Kxf1 Bd4 26. Rab1 b5 27. Red1 Red8 28. cxb5 cxb5 29. Rd3 f5 30. Ne3 Bxe3 31. Rxe3 Rd5 32. Ke2 Rc8 33. b3 Rc2+ 34. Ke1 Rdd2 35. Rf3 Re2+ 36. Kf1 Kg6 37. bxa4 bxa4 38. Rb6+ f6 39. Rb4 Re4 40. Rf4 Rc3 41. Rxa4 Rxf4 42. Rxf4 Rxa3 43. h4 Ra2 44. Kg2 Rb2 45. Kf3 Rb3+ 46. Ke2 Rb2+ 47. Kd3 Rb3+ 48. Kc4 Rb1 49. Kd5 Rd1+ 50. Ke6 Re1+ 51. Kd7 Rd1+ 52. Ke8 Ra1 53. h5+ Kxh5 54. Rxf5+ Kg6 55. Rf4 Ra7 56. Kf8 Kg5 57. Ke8 Kg6 58. Kd8 Kf7 59. Kc8 Ke6 60. Kb8 Rh7 61. Kc8 Kd6 62. Rd4+ Ke5 63. Rc4 Rh2 64. Rf4 Rh7 65. Kd8 Ke6 66. Ke8 Rh8# 0-1


[Site "https://www.chess.com"]

[Event "Titled Tuesday Blitz December 7 2021"]
[White "Svane, Rasmus"]
[Black "Sarana, Alexey"]
[WhiteFideId "4657101"]
[BlackFideId "24133795"]
[WhiteElo "2643"]
[BlackElo "2672"]
[Result "1/2-1/2"]
[Round "11"]
[TimeControl "180+1"]
[Date "2021.12.07"]
[WhiteClock "0:00:07"]
[BlackClock "0:00:03"]

1. Nf3 Nf6 2. g3 d5 3. Bg2 g6 4. O-O Bg7 5. d4 c6 6. c3 O-O 7. Re1 Bf5 8. Nbd2 Nbd7 9. Nh4 Be6 10. e4 dxe4 11. Nxe4 Nxe4 12. Bxe4 Bd5 13. Bxd5 cxd5 14. Bg5 Bf6 15. Qd2 e6 16. Nf3 Rc8 17. Re2 b5 18. h4 a5 19. Kg2 h5 20. Rae1 Qb6 21. Bxf6 Nxf6 22. Qh6 Ng4 23. Qg5 Qd8 24. Qd2 Kg7 25. a3 Qf6 26. Ng5 Rc4 27. f3 Nh6 28. Rxe6 fxe6 29. Nxe6+ Kh7 30. Nxf8+ Qxf8 31. Qg5 Rc7 32. Qxd5 Qf5 33. Qxf5 Nxf5 34. Re5 b4 35. axb4 axb4 36. g4 bxc3 37. bxc3 hxg4 38. fxg4 Nd6 39. Rc5 Rf7 40. Rc6 Ne4 41. d5 Rf2+ 42. Kg1 Rd2 43. c4 Rd4 44. g5 Kg7 45. Rc7+ Kf8 46. Rc6 Kf7 47. Rc7+ Kf8 48. Rc6 Nd2 49. Rxg6 Nxc4 50. h5 Ne5 51. Rf6+ Kg7 52. h6+ Kh7 53. Rf5 Rxd5 54. Kg2 Kg6 55. Rf8 Rd2+ 56. Kg3 Rd3+ 57. Kg2 Rd2+ 58. Kg3 Rd7 59. Rg8+ Kf5 60. Rg7 Rd3+ 61. Kg2 Rd2+ 62. Kf1 Rh2 63. h7 Ng6 64. Kg1 Rh5 65. Kg2 Kxg5 66. Kg3 Kf6 67. Ra7 Rh6 68. Kg4 Rh1 69. Kg3 Nf8 70. Ra6+ Kg7 71. Ra7+ Kg6 72. h8=Q Rxh8 73. Ra8 Rg8 74. Kf3 Kf7 75. Ra7+ Kf6 76. Ra8 Ke7 77. Ra7+ Nd7 78. Ke4 Rg4+ 79. Ke3 Ke6 80. Ra6+ Kd5 81. Ra8 Re4+ 82. Kf3 Ne5+ 83. Kg3 Kd4 84. Rd8+ Ke3 85. Rg8 Ra4 86. Re8 Rg4+ 87. Kh3 Rg5 88. Kh4 Rf5 89. Kg3 Ke4 90. Rg8 Rf3+ 91. Kg2 Ra3 92. Rb8 Ra2+ 93. Kg3 Ra7 94. Rb4+ Ke3 95. Rb3+ Nd3 96. Kg4 Rf7 97. Kg5 Ke4 98. Rb1 Rf5+ 99. Kg6 Ne5+ 100. Kg7 Rf7+ 101. Kh6 Kd5 102. Kg5 Rf8 103. Rd1+ Ke6 104. Ra1 Rg8+ 105. Kf4 Rg4+ 106. Ke3 Rh4 107. Ra6+ Kf5 108. Ra8 Nc4+ 109. Kd3 Ne5+ 110. Ke3 Rh3+ 111. Kd4 Rd3+ 112. Kc5 Rd7 113. Rf8+ Ke4 114. Ra8 Rc7+ 115. Kd6 Rc6+ 116. Ke7 Rh6 117. Ra1 Nc6+ 118. Kd7 Kd5 119. Rd1+ Nd4 120. Ke7 Ra6 121. Kf7 Ke5 122. Re1+ Kd6 1/2-1/2


[Site "https://www.chess.com"]